Cogmind - Beta 17 @@@ ROGUE MODE // 2026.08.12 @ 23:32:51 Player: Rocketboy Result: Destroyed by Y-54 Guardian with Gatling Laser Performance ------------- Evolutions (4) 2000 Regions Visited (7) 1400 Robots Destroyed (46) 230 Value Destroyed (1064) 1064 Prototype IDs (5) 100 Alien Tech Used (0) 0 Bonus (176) 176 TOTAL SCORE: 4970 Bonus ------- Follower Combat Kills 176 Cogmind --------- Core Integrity 0/850 Matter 201/300 Energy 99/100 System Corruption 3% Temperature Cool (18) Movement Core (50) Location -6/Factory Parts ------- > --- POWER (2) -------- (None) > --- PROPULSION (6) --- (None) > --- UTILITY (5) ------ Visual Processing Unit Target Analyzer Core Analyzer > --- WEAPON (2) ------- (None) > --- INVENTORY (5) ---- Light Nuclear Core Light Nuclear Core Improved Reaction Control System Improved System Restoration Module Peak State ------------ > --- POWER ------------ Light Nuclear Core Light Nuclear Core > --- PROPULSION ------- Hover Unit Improved Gravmag System VTOL Module VTOL Module > --- UTILITY ---------- Visual Processing Unit IFF Parser Target Analyzer Core Analyzer Hacking Suite > --- WEAPON ----------- Greatsword > --- INVENTORY -------- Light Nuclear Core Cold Fusion Reactor Advanced ECM Suite [Rating: 42] Favorites ----------- Power Ion Engine Engine Ion Engine Power Core Light Nuclear Core Reactor Cold Fusion Reactor Propulsion Aluminum Leg Leg Aluminum Leg Hover Unit Hover Unit Flight Unit Flight Unit Utility Structural Scanner Device Structural Scanner Storage Small Storage Unit Processor Visual Processing Unit Hackware Hacking Suite Weapon Improved Assault Rifle Energy Gun Beam Rifle Ballistic Gun Improved Assault Rifle Ballistic Cannon Bore Cannon Launcher Grenade Launcher Special Weapon Mining Laser Slashing Weapon Greatsword Piercing Weapon Spear Build | -11 -10 -10 -9 -9 -8 -7 -6 ------- Run | Yrd Mat Min Mat Min Mat Fac Fac Slots Evolved 8 | . . . 2 . 2 2 2 Power 1 | . . . . . . . 1 Propulsion 4 | . . . 2 . 2 . . Utility 3 | . . . . . . 2 1 Weapon . | . . . . . . . . Parts Attached 67 | 7 5 8 15 . 5 5 22 Power 11 | 1 1 1 2 . . 1 5 Engine 4 | 1 1 . 2 . . . . Core 6 | . . 1 . . . 1 4 Reactor 1 | . . . . . . . 1 Propulsion 28 | 2 1 4 7 . 5 2 7 Treads . | . . . . . . . . Leg 10 | 2 1 4 3 . . . . Wheel . | . . . . . . . . Hover 2 | . . . . . . . 2 Flight 16 | . . . 4 . 5 2 5 Utility 13 | 2 1 1 1 . . 2 6 Device 8 | 1 1 1 . . . 2 3 Storage 1 | 1 . . . . . . . Processor 3 | . . . 1 . . . 2 Hackware 1 | . . . . . . . 1 Protection . | . . . . . . . . Artifact . | . . . . . . . . Weapon 15 | 2 2 2 5 . . . 4 Energy Gun 2 | 1 . . 1 . . . . Energy Cannon . | . . . . . . . . Ballistic Gun 4 | 1 . . 3 . . . . Ballistic Cannon 2 | . . 2 . . . . . Launcher 2 | . 1 . 1 . . . . Special Weapon 1 | . 1 . . . . . . Impact Weapon . | . . . . . . . . Slashing Weapon 2 | . . . . . . . 2 Piercing Weapon 2 | . . . . . . . 2 Special Melee Weapon . | . . . . . . . . Unidentified Prototypes 3 | . . . 1 . . 1 1 Parts Lost 31 | . 2 2 1 . 5 4 17 Power 4 | . . . 1 . . . 3 Propulsion 15 | . . . . . 5 2 8 Utility 7 | . 1 1 . . . 2 3 Weapon 5 | . 1 1 . . . . 3 Highest Loss Streak 7 | . 2 1 1 . 3 4 7 To Critical Strikes . | . . . . . . . . Average Backups 4 | 1 3 5 4 4 3 3 3 Power . | . 1 1 . 1 . . . Propulsion . | . . 2 . 1 . . . Utility 1 | . . . 2 2 2 2 1 Weapon . | . . 1 . . . . . Tool/Special . | . . . . . . . . Unused Backups 12 | . . . 2 3 3 . 4 Power 3 | . . . . 2 . . 1 Propulsion 2 | . . . 1 1 . . . Utility 6 | . . . . . 3 . 3 Weapon 1 | . . . 1 . . . . Tool/Special . | . . . . . . . . Average Slot Usage (%) 78 | . 92 84 93 100 95 47 43 Engine 7 | . 14 8 7 11 9 . . Core 3 | . . 5 2 . . 6 4 Leg 19 | . 28 28 35 . . . . Flight 10 | . . . 3 44 50 17 11 Device 10 | . 18 7 11 11 9 8 5 Storage 5 | . 3 11 10 . . . . Processor 3 | . . . . 11 9 7 11 Energy Gun 1 | . 3 . 2 . . . . Ballistic Gun 9 | . 14 2 15 19 17 4 . Ballistic Cannon 3 | . . 11 2 . . . . Launcher 3 | . 8 8 . 2 . . . Peak Build Rating 42 | 9 9 13 16 16 18 20 42 Average Rating 13 | 5 7 8 14 15 17 14 21 On Entrance 10 | . 9 6 13 16 16 12 14 Avg Prop Armor Cover (%) 4 | . . 9 . . 3 . 7 Naked Turns . | . . . . . . . . Heaviest Build 23 | 14 15 20 23 14 14 12 16 Greatest Support 40 | 20 20 20 40 16 24 12 16 Greatest Overweight (x) 2 | . . 1 1 . 1 1 2 Average Overweight (x) . | . . . . . . . . Largest Inventory Capacity 8 | 8 8 8 8 5 5 5 5 Average Capacity 6 | 6 5 7 7 5 5 5 5 Most Carried 8 | 5 5 8 8 5 5 5 5 Average Carried 5 | 1 3 5 7 4 4 4 3 Final Capacity 8 | 8 5 8 5 5 5 5 5 Final Carried 8 | 1 5 8 5 5 5 5 4 Class Distribution -------------------- 46% | Mutant 36% | Scavenger-Mutant 13% | Scavenger-Sprinter 3% | Sprinter Dominant Class ---------------- Mutant | -10/Materials Mutant | -10/Mines Scavenger-Mutant | -9/Materials Scavenger-Sprinter | -9/Mines Scavenger-Sprinter | -8/Materials Mutant | -7/Factory Mutant | -6/Factory Resources | -11 -10 -10 -9 -9 -8 -7 -6 ----------- Run | Yrd Mat Min Mat Min Mat Fac Fac Matter Collected 1620 | 271 79 478 414 58 77 75 168 Remotely . | . . . . . . . . Salvage Created 1493 | 30 233 135 435 17 138 147 358 Parts 94 | 2 19 3 26 4 10 7 23 Haulers Intercepted 3 | . . . 2 . . 1 . Recyclers Shooed 3 | . 2 . . . . . 1 Parts Field Recycled . | . . . . . . . . Retrieved Matter . | . . . . . . . . Parts Self-Destructed . | . . . . . . . . Prevented . | . . . . . . . . Parts Restored . | . . . . . . . . Kills | -11 -10 -10 -9 -9 -8 -7 -6 ------- Run | Yrd Mat Min Mat Min Mat Fac Fac Combat Hostiles Destroyed 44 | . 11 10 7 4 3 3 6 Melee 6 | . . . . . . . 6 Guns 14 | . 2 . 5 1 3 3 . Cannons 2 | . . 1 1 . . . . AOE 22 | . 9 9 1 3 . . . Classes Destroyed 11 | 1 2 1 6 . . . 1 Worker 1 | . . . 1 . . . . Tunneler 1 | 1 . . . . . . . Hauler 3 | . . . 2 . . 1 . Recycler 3 | . . . 1 . 1 . 1 Operator 2 | . . . 1 . . . 1 Swarmer 19 | . 3 . 3 4 3 2 4 Grunt 13 | . 8 2 2 . . 1 . Brawler 1 | . . . 1 . . . . Sentry 1 | . . . 1 . . . . Hunter 2 | . . . . . . . 2 Assembled 8 | . . 8 . . . . . Best Kill Streak 4 | 1 4 4 3 4 4 3 4 Combat Bots Only 4 | . 4 4 3 4 3 3 3 Max Kills in Single Turn 2 | 1 2 2 2 2 1 1 1 Gunslinging . | . . . . . . . . Exploded 2 | . 2 2 1 2 . . . Melee 1 | . . . . . . . 1 Uniques/NPCs Destroyed . | . . . . . . . . Combat | -11 -10 -10 -9 -9 -8 -7 -6 -------- Run | Yrd Mat Min Mat Min Mat Fac Fac Hostile Shots Fired 406 | . 50 41 36 17 34 18 210 Missed 151 | . 13 11 13 6 11 8 89 Hits 255 | . 37 30 23 11 23 10 121 Melee 2 | . . 2 . . . . . Projectile 253 | . 37 28 23 11 23 10 121 AOE 2 | . . . . . . . 2 Critical Strikes 3 | . . . . 1 . . 2 Part Disruptions 1 | . . 1 . . . . . Damage Taken 3528 | . 484 446 275 99 287 158 1779 Core 1135 | . 131 50 19 10 48 18 859 Absorbed by Shields . | . . . . . . . . Core Remaining (%) 81 | 100 . 27 . 92 91 97 . Volleys Fired 124 | 1 32 31 35 3 9 13 . Largest 2 | 2 2 1 2 2 2 2 . Hottest 120 | 60 120 48 104 53 46 46 . Shots Fired 195 | 2 46 31 69 6 18 23 . Gun 132 | 2 25 . 60 4 18 23 . Cannon 21 | . . 16 5 . . . . Launcher 38 | . 17 15 4 2 . . . Special 4 | . 4 . . . . . . Kinetic 133 | 1 16 16 55 4 18 23 . Thermal 14 | . 4 . 10 . . . . Explosive 38 | . 17 15 4 2 . . . Electromagnetic 10 | 1 9 . . . . . . Robot Hit Streak 8 | 1 7 4 7 1 6 8 . Robot Miss Streak 10 | . 2 10 5 1 5 1 . Penetration Max . | . . . . . . . . Secondary Targets . | . . . . . . . . Shots Hit Robots 127 | 1 27 12 38 2 9 21 17 Core Hits 86 | 1 22 17 20 4 4 9 9 Critical Kills . | . . . . . . . . Critical Parts Destroyed . | . . . . . . . . Critical Strikes 3 | . . . . . . . 3 Sever 1 | . . . . . . . 1 Impale 2 | . . . . . . . 2 Melee Attacks 34 | . . . . . . . 34 Impact . | . . . . . . . . Slashing 14 | . . . . . . . 14 Piercing 20 | . . . . . . . 20 Sneak Attacks 1 | . . . . . . . 1 Combat Hostiles . | . . . . . . . . Follow-up Attacks 1 | . . . . . . . 1 Damage Inflicted 3853 | 12 965 676 838 199 169 310 684 Guns 1288 | 12 213 . 567 17 169 310 . Cannons 145 | . . 107 38 . . . . Explosions 1706 | . 728 563 233 182 . . . Melee 678 | . . . . . . . 678 Ramming 12 | . . 6 . . . . 6 Kinetic 1248 | . 114 107 531 17 169 310 . Thermal 98 | . 24 . 74 . . . . Explosive 1706 | . 728 563 233 182 . . . Electromagnetic 111 | 12 99 . . . . . . Impact . | . . . . . . . . Slashing 317 | . . . . . . . 317 Piercing 361 | . . . . . . . 361 Highest Corruption 3 | . . . . . 1 . 3 Average Corruption 1 | . . . . . 1 . 3 Corruption Purged . | . . . . . . . . Corruption Blocked . | . . . . . . . . Overload Shots . | . . . . . . . . Overflow Damage 145 | . 23 37 . 8 . . 77 Projectiles 9 | . . 9 . . . . . Explosions 59 | . 23 28 . 8 . . . Melee 77 | . . . . . . . 77 Knockbacks 3 | . . 3 . . . . . Impact . | . . . . . . . . Kinetic 3 | . . 3 . . . . . Secondary . | . . . . . . . . Self-Inflicted Damage 96 | . 35 48 10 . . . 3 Shots 7 | . 2 4 1 . . . . Rammed 1 | . . . . . . . 1 Targets Rammed 3 | . . 2 . . . . 1 Kicked 2 | . . 2 . . . . . Crushed . | . . . . . . . . Highest Temperature 205 | 20 145 104 133 11 205 . 30 Average Temperature 68 | 15 56 48 51 7 93 . 19 Received Heat Transfer 935 | . 225 221 132 9 108 18 222 Siege Activations . | . . . . . . . . Martial Activations . | . . . . . . . . Shielding Activations . | . . . . . . . . Robots Disrupted . | . . . . . . . . Combat Hostiles . | . . . . . . . . Robots Corrupted . | . . . . . . . . Combat Hostiles . | . . . . . . . . Parts Fried . | . . . . . . . . Impact Corruptions . | . . . . . . . . Robots Melted . | . . . . . . . . Combat Hostiles . | . . . . . . . . Parts Melted . | . . . . . . . . Heat Transferred 235 | . 50 . 185 . . . . Parts Sabotaged . | . . . . . . . . Parts Stolen . | . . . . . . . . Parts Stripped . | . . . . . . . . Power Chain Reactions . | . . . . . . . . Alert | -11 -10 -10 -9 -9 -8 -7 -6 ------- Run | Yrd Mat Min Mat Min Mat Fac Fac Maximum Alert Level 1 | . 1 . . . . . . Low Security (%) 99 | 100 94 100 100 100 100 100 100 Level 1 . | . 5 . . . . . . Level 2 . | . . . . . . . . Level 3 . | . . . . . . . . Level 4 . | . . . . . . . . Level 5 . | . . . . . . . . High Security . | . . . . . . . . Max Security . | . . . . . . . . Peak Influence 256 | 5 256 126 149 147 128 85 189 Initial 99 | . . 99 18 39 41 32 41 Average 74 | . 54 59 74 120 82 49 117 Influence Increases 1897 | 5 400 177 411 108 182 172 442 Destroy 0b10 Robot/C 840 | . 220 80 220 80 60 60 120 Destroy 0b10 Robot/NC 55 | 5 . 5 25 . 5 5 10 Destroy Leader 186 | . 40 20 74 10 10 2 30 Allied During Kill 18 | . . 5 13 . . . . Successful Hack 108 | . 5 . 32 . 32 . 39 Disable Machine 15 | . 15 . . . . . . Destroy Structure 180 | . 75 67 17 18 . . 3 Partial Spotted 120 | . . . 30 . 30 45 15 Lose Combat Pursuer 375 | . 45 . . . 45 60 225 Influence Decreases 1764 | 5 144 384 360 101 216 160 394 Entered New Map 400 | . . 157 31 61 66 41 44 Time Decay 1019 | 5 124 187 279 40 100 90 194 Lost Part 285 | . 20 20 10 . 50 29 156 Lost Ally 60 | . . 20 40 . . . . Squads Dispatched 14 | . 3 . 3 . 1 2 5 Investigation 5 | . 2 . 1 . . . 2 Extermination 1 | . . . . . . . 1 Reinforcement 6 | . 1 . 2 . 1 1 1 Assault 1 | . . . . . . . 1 Garrison 1 | . . . . . . 1 . Intercept . | . . . . . . . . Searches Triggered . | . . . . . . . . Construction Impeded . | . . . . . . . . Haulers Reinforced . | . . . . . . . . Active Scanning Responses . | . . . . . . . . Cargo Convoy Interrupts . | . . . . . . . . Stealth | -11 -10 -10 -9 -9 -8 -7 -6 --------- Run | Yrd Mat Min Mat Min Mat Fac Fac Distress Signals 3 | . . . . . 1 . 2 Communications Jammed . | . . . . . . . . Distress Signals . | . . . . . . . . Times Spotted 120 | . 19 14 19 6 13 12 37 Peak Tracking Total 13 | . 4 2 5 4 5 6 13 Tactical Retreats 13 | . 3 . . . 1 2 7 Traps | -11 -10 -10 -9 -9 -8 -7 -6 ------- Run | Yrd Mat Min Mat Min Mat Fac Fac Traps Triggered 2 | . 1 . . . 1 . . Indirectly . | . . . . . . . . Trap Hack Attempts . | . . . . . . . . Triggered . | . . . . . . . . Disarmed . | . . . . . . . . Reprogrammed . | . . . . . . . . Reused . | . . . . . . . . Traps Extracted . | . . . . . . . . Installed 3 | . . . 3 . . . . Triggered . | . . . . . . . . Most Traps Carried 3 | . . 3 3 . . . . Machines | -11 -10 -10 -9 -9 -8 -7 -6 ---------- Run | Yrd Mat Min Mat Min Mat Fac Fac Machines Disabled 2 | . 2 . . . . . . Max in Single Turn 1 | . 1 . . . . . . Machines Repaired . | . . . . . . . . Machines Dismantled . | . . . . . . . . Machines Sabotaged . | . . . . . . . . Overloaded Fab Kills . | . . . . . . . . Hacking | -11 -10 -10 -9 -9 -8 -7 -6 --------- Run | Yrd Mat Min Mat Min Mat Fac Fac Machines Accessed 24 | . 3 . 6 . 7 1 7 Terminals 21 | . 3 . 5 . 7 1 5 Fabricators 1 | . . . . . . . 1 Repair Stations . | . . . . . . . . Recycling Units . | . . . . . . . . Scanalyzers 2 | . . . 1 . . . 1 Garrison Access . | . . . . . . . . Total Hacks 78 | . 9 . 18 . 21 2 28 Successful 38 | . 4 . 11 . 9 1 13 Failed 40 | . 5 . 7 . 12 1 15 Catastrophic 7 | . 1 . 2 . 2 . 2 Database Lockouts . | . . . . . . . . Manual 49 | . 7 . 14 . 17 . 11 Terminals 65 | . 9 . 15 . 21 2 18 Fabricators 3 | . . . . . . . 3 Repair Stations . | . . . . . . . . Recycling Units . | . . . . . . . . Scanalyzers 10 | . . . 3 . . . 7 Garrison Access . | . . . . . . . . Terminal Hacks 15 | . 2 . 4 . 4 1 4 Part Schematic 2 | . . . . . 1 . 1 Prototype ID Bank 1 | . 1 . . . . . . Open DSF 3 | . . . . . . 1 2 Terminal Index 4 | . 1 . 1 . 1 . 1 Fabricator Index 2 | . . . 1 . 1 . . Reinforcement Status 1 | . . . 1 . . . . Zone Layout 2 | . . . 1 . 1 . . Fabricator Hacks 2 | . . . . . . . 2 Load Schematic 1 | . . . . . . . 1 Build 1 | . . . . . . . 1 Repair Station Hacks . | . . . . . . . . Recycling Unit Hacks . | . . . . . . . . Scanalyzer 6 | . . . 3 . . . 3 Insert Component 3 | . . . 1 . . . 2 Analyze 1 | . . . . . . . 1 Retrieve Study 2 | . . . 2 . . . . Garrison Access Hacks . | . . . . . . . . Unauthorized Hacks 15 | . 2 . 4 . 5 . 4 Terminals 15 | . 2 . 4 . 5 . 4 Track 2 | . . . . . 1 . 1 Botnet 13 | . 2 . 4 . 4 . 3 Fabricators . | . . . . . . . . Repair Stations . | . . . . . . . . Recycling Units . | . . . . . . . . Scanalyzers . | . . . . . . . . Garrison Access . | . . . . . . . . Data Cores Recovered . | . . . . . . . . Used . | . . . . . . . . Hacking Detections 23 | . 3 . 6 . 7 1 6 Full Trace Events 5 | . 1 . 2 . . . 2 Feedback Events . | . . . . . . . . Feedback Blocked . | . . . . . . . . Robot Schematics Acquired . | . . . . . . . . Robots Built . | . . . . . . . . Authchips . | . . . . . . . . Time . | . . . . . . . . Total Robot Build Rating . | . . . . . . . . Part Schematics Acquired 1 | . . . . . 1 . . Parts Built 2 | . . . . . . . 2 Authchips . | . . . . . . . . Time 62 | . . . . . . . 62 Total Part Build Rating 4 | . . . . . . . 4 Part Studies Acquired 2 | . . . 2 . . . . Parts Repaired . | . . . . . . . . Time . | . . . . . . . . Parts Recycled . | . . . . . . . . Recycled Matter . | . . . . . . . . Retrieved Matter . | . . . . . . . . Retrieved Components . | . . . . . . . . Parts Scanalyzed 1 | . . . . . . . 1 Part Schematics Acquired . | . . . . . . . . Parts Damaged 1 | . . . . . . . 1 Bothacking | -11 -10 -10 -9 -9 -8 -7 -6 ------------ Run | Yrd Mat Min Mat Min Mat Fac Fac Used RIF Installer . | . . . . . . . . Robots Hacked . | . . . . . . . . Non-combat . | . . . . . . . . Combat . | . . . . . . . . Robot Hacks Applied . | . . . . . . . . Relay Couplers Released . | . . . . . . . . Fabnet Peak Effective % . | . . . . . . . . Robots Rewired . | . . . . . . . . Allies Hacked . | . . . . . . . . Hacks Repelled . | . . . . . . . . Allies | -11 -10 -10 -9 -9 -8 -7 -6 -------- Run | Yrd Mat Min Mat Min Mat Fac Fac Total Allies 3 | . . 3 . . . . . Largest Group 3 | . . 3 2 . . . . Highest-Rated Group 40 | . . 40 24 . . . . Highest-Rated Ally 16 | . . 16 16 . . . . Total Orders . | . . . . . . . . Ally Attacks 65 | . . 23 42 . . . . Total Damage 585 | . . 263 322 . . . . Kills 8 | . . 4 4 . . . . Allies Corrupted . | . . . . . . . . Allies Melted . | . . . . . . . . Intel | -11 -10 -10 -9 -9 -8 -7 -6 ------- Run | Yrd Mat Min Mat Min Mat Fac Fac Active Infowar (turns) 2274 | 30 359 283 634 85 205 219 459 Optics 998 | . . . 30 85 205 219 459 IFF 256 | . . . . . . . 256 Terrain 217 | 30 187 . . . . . . Structural 1564 | . 281 283 634 85 205 76 . Robot Analysis Total . | . . . . . . . . Derelict Logs Recovered 3 | . . 1 . 2 . . . Drone Launches . | . . . . . . . . Drone Recoveries . | . . . . . . . . Exploration | -11 -10 -10 -9 -9 -8 -7 -6 ------------- Run | Yrd Mat Min Mat Min Mat Fac Fac Turns Passed 2537 | 63 359 513 634 85 205 219 459 Spaces Moved 2959 | 45 210 341 431 214 567 470 681 Core 28 | 12 . . . . . . 16 Treads . | . . . . . . . . Legs 935 | 33 210 341 351 . . . . Wheels . | . . . . . . . . Hover 94 | . . . . . . . 94 Flight 1902 | . . . 80 214 567 470 571 Fastest Speed 25 | 50 120 120 31 31 25 34 29 Average Speed 61 | 101 120 122 109 31 27 34 37 Slowest Speed 190 | 120 120 190 190 31 114 120 180 Overloaded Moves . | . . . . . . . . Propulsion Burnouts . | . . . . . . . . Robots Hopped 13 | . . . 2 3 . 7 1 Potential Cave-ins . | . . . . . . . . Cave-ins Triggered . | . . . . . . . . Exploration Rate (%) 38 | 3 44 81 43 59 44 17 17 Regions Visited 7 Branch Regions 2 Pre-discovered Areas . | . . . . . . . . Known Exits Taken 1 | . . . 1 . . . . Unknown Exits Taken 6 | 1 1 1 . 1 1 1 . Scrap Searched 1 | . . . . 1 . . . Spaces Dug 3 | . . . . . . . 3 Terrain Destroyed 215 | . 94 83 17 18 . . 3 Melee 3 | . . . . . . . 3 Projectile 12 | . 1 7 4 . . . . AOE 200 | . 93 76 13 18 . . . Terrain Rammed . | . . . . . . . . Walls Destroyed . | . . . . . . . . Machines Disabled . | . . . . . . . . Actions | -11 -10 -10 -9 -9 -8 -7 -6 --------- Run | Yrd Mat Min Mat Min Mat Fac Fac Total 3408 | 60 264 404 524 223 598 500 835 Wait 60 | . 7 1 . . 3 2 47 Move 2927 | 44 209 340 426 207 566 456 679 Hop 12 | . . . 2 3 . 6 1 Pick Up 91 | 8 7 13 20 4 8 8 23 Fast Attach . | . . . . . . . . Attach 60 | 7 1 3 9 . 4 6 30 Detach 15 | . . . . . 1 2 12 Swap 27 | . 6 6 10 2 2 1 . Drop 53 | . 2 8 19 4 5 6 9 Fire 124 | 1 32 31 35 3 9 13 . Melee 33 | . . . . . . . 33 Ram 1 | . . . . . . . 1 Kick 2 | . . 2 . . . . . Crush . | . . . . . . . . Escape Stasis . | . . . . . . . . Rewire . | . . . . . . . . Trap 3 | . . . 3 . . . . Miscellaneous . | . . . . . . . . Route ------- -11/Scrapyard -10/Materials (discovered 2 exits: [*Min x2]) -10/Mines -9/Materials -9/Mines -8/Materials -7/Factory (discovered 2 exits: *Fac / Sto) -6/Factory History --------- Turn | Location | Event 5 | -11/Scrapyard | Discovered new exit (range 15) 64 | -11/Scrapyard | Entered Materials 64 | -10/Materials | Discovered new exit (range 14) 349 | -10/Materials | Build established: Mutant 387 | -10/Materials | Discovered new exit (range 13) 405 | -10/Materials | Core integrity fell below 50% 423 | -10/Materials | Entered Mines 424 | -10/Mines | Assembled infested the area 683 | -10/Mines | Assisted by bots powering up and referring to "LRC-V3" 743 | -10/Mines | A weapon hastily lodged in a ceiling crevice suddenly fell to the ground 778 | -10/Mines | Learned location of 1 exit from Materials 809 | -10/Mines | Found a hidden stash of uninstalled traps 888 | -10/Mines | Discovered new exit (range 5) 936 | -10/Mines | Entered Materials 936 | -9/Materials | Accompanied by 2 allies 936 | -9/Materials | Evolved 2 slots: Propulsion x2 937 | -9/Materials | Identified exit to Mines 1127 | -9/Materials | Build established: Scavenger-Mutant 1570 | -9/Materials | Entered Mines 1597 | -9/Mines | Met a Derelict bent on vengeance 1622 | -9/Mines | Learned Materials emergency access door positions 1641 | -9/Mines | Met a Derelict testing a Signal Generator 1642 | -9/Mines | Found Signal Generator 1652 | -9/Mines | Discovered new exit (range 10) 1655 | -9/Mines | Entered Materials 1655 | -8/Materials | Evolved 2 slots: Propulsion x2 1734 | -8/Materials | Discovered new exit (range 8) 1820 | -8/Materials | Build established: Scavenger-Sprinter 1860 | -8/Materials | Entered Factory 1860 | -7/Factory | Evolved 2 slots: Utility x2 1861 | -7/Factory | Identified exit to Storage 1877 | -7/Factory | Identified exit to DSF 1884 | -7/Factory | Lost 3 parts (3n) 1900 | -7/Factory | Garrison activated, responded to threat 1981 | -7/Factory | Lost 4 parts (2n2u) 2046 | -7/Factory | Discovered new exit (range 11) 2079 | -7/Factory | Entered another Factory area 2079 | -6/Factory | Evolved 2 slots: Power x1, Utility x1 2101 | -6/Factory | Identified exit to DSF 2232 | -6/Factory | Core integrity fell below 50% 2263 | -6/Factory | Lost 7 parts (1p3n2u1w) 2343 | -6/Factory | Core integrity fell below 20% 2522 | -6/Factory | Fabricated VTOL Module? 2538 | -6/Factory | Destroyed by Y-54 Guardian with Gatling Laser Last Messages --------------- VTOL Module Rating: 2 Time: 62 Initiate build sequence. >>Build Building VTOL Module... ETC: 62 ALERT: Unauthorized use of fabrication network. Dispatching investigation squad. ALERT: Potential suspicious activity detected, Programmers report to Factory Zone 1U. K-01 Serf collects debris. Greatsword destroyed. >> FABRICATOR: Completed VTOL Module? Slammed into P-60 Hacker. Destabilizing: System corrupted (+2). IFF Parser destroyed. Hover Unit destroyed. Slug penetrates Wall. VTOL Module destroyed. Map ----- +----------------------------------------------------+ | | | | | ??????????????????????####################???????? | | ??????????????????????# #???????? | | ??????????????????????# """ #???????? | | ??????????????????????# """ "" #???????? | | ??????????????????????# """ """ #???????? | | ###########???????????# =*S" #???????? | | #???????????# """ #???????? | | "/ #?????????### """ #???????? | | T #???????### + #???????? | | " #########"# ##########+###########?????? | | # """" #" #??????# # #?????? | | # ""R"" ## #??????# # #?????? | | # "" "" ## #??????# " + ! #?????? | | # ## #??????# # * #?????? | | ! # ## #??????# # !* #?????? | | "" # !! ## #??????### ###########?????? | | # !! ## #????????# #??############## | | # ! ## #????????# #??# # | | #######+### ## #?###+#### #??# """" """" # | | # ##/######## ### ## #??# """" """" # | | """ # = m ## #### """" """" # | | """ # " Y + """" """" # | | """ # ####### # | | = # ###############@[ #?????# """" """" # | | ####### ###?????????????### ###?????# """" """" # | | [ #?????????????????# #???????# """" """" # | | [ ##???############## #???????# """" """" # | | " """ #???# # #???????# # | | " """ #???# # #???????# # | | " """ #???# # #####???#######+###### | | ###### # #???????# | | # # # #???????# #### | | + # + #???????# #??? | | # # # ######### #??? | | # + # #??? | | #### # # # * #??? | | [##### # # # "" #### | | #???# # # # """"""""" F" | | /#???# # # # " | | #???# # ############## """"""""" "" | | ##### ##/### #????????# | | + #????????# | | +###### T### #????????##################+##### | | #????####?# ##???????????????????????????????? | | ####??????# #????????????????????????????????? | | +??????# #????????????????????????????????? | | #####??????# #????????????????????????????????? | | #####??????# #????????????????????????????????? | +----------------------------------------------------+ Best States ------------- Heat Dissipation 37 Energy Generation 23 Energy Capacity 265 Matter Stores 300 Matter Capacity 300 Sight Range 18 Terrain Scan Range 16 Terrain Scan Density 10 Melee Speed Boost 20 Evasion (%) 71 Target Analysis 5 Core Analysis 6 Offensive Hacking 10 Item Schematics ----------------- VTOL Module | -8/Materials | Hacked Robot Schematics ------------------ None Fabricated ------------ VTOL Module | x2 | -6/Factory Repaired ---------- Nothing Studied --------- Grenade Launcher | -9/Materials | Hacked Aluminum Leg | -9/Materials | Hacked Alien Tech Used ----------------- None Achievements -------------- None Challenges ------------ None Game ------ Seed ShockboltSwordSuperbattery Manual? 0 Play Time 01:09:27 Cumulative 45.2 hours Start 2026.08.12 @ 20:53:02 End 2026.08.12 @ 23:32:51 Sessions 3 Manual Loads 0 Difficulty Rogue Special Mode None Game No. 66 Rogue 66 Adventurer 0 Explorer 0 Win Type - Total 0 Types 0/0/0/0/0/0/0/0/0/0 Lore% 15 Gallery% 32 Achievement% 21 Wizard Run 0 Options --------- Layout 1 ASCII 0 Keyboard 0 Movement Mouse Keybinds 0 Fullscreen 1 Font 32/SmallcapsGlow Map View 50x35 Zoom Use 0% Tactical HUD 0 Map Filters NONE Filters NONE Steam 1 RUN: f3ae8d02-d662-43f0-8ad2-c71b970d131f